 Dungeon Crawl Stone Soup version bcrawl-1.28.1b (webtiles) character file.

Game seed: 6353850871368929130

748492 Morbidden the Peltast (level 16, -30/146 HPs)
             Began as a Minotaur Archaeologist on Dec 23, 2020.
             Was the Champion of Cheibriados.
             Engulfed by a cloud of freezing vapour (69 damage)
             ... in an ice cave.
             The game lasted 00:37:22 (18983 turns).

Morbidden the Peltast (Minotaur Archaeologist)     Turns: 18983, Time: 00:37:23

Health: -30/146    AC: 20    Str: 52    XL:     16   Next: 72%
Magic:  0/20       EV: 14    Int: 26    God:    Cheibriados [******]
Gold:   276        SH: 30    Dex: 24    Spells: 19/19 levels left

rFire    + . .     SeeInvis .   i - +2 broad axe (elec)
rCold    . . .     Gourm    .   o - +1 large shield
rNeg     + . .     Faith    .   U - +1 plate armour of Tulips {rElec rF+ Regen+}
rPois    .         Spirit   +   (helmet unavailable)
rElec    +         Reflect  .   O - scarf {Spirit}
rCorr    .         Harm     .   q - +0 pair of gloves
MR       +....                  C - +2 pair of boots
Stlth    ..........             c - amulet "Vest" {Rage rN+ Str+5}
HPRegen  0.74/turn              T - +3 ring of slaying
MPRegen  0.17/turn              d - +7 ring of strength

@: very slow
A: retaliatory headbutt, horns 3, strong 1
a: Bend Time, Temporal Distortion, Slouch, Step From Time, Renounce Religion,
Evoke Berserk Rage


You were in an ice cave.
You worshipped Cheibriados.
Cheibriados was exalted by your worship.
You were very hungry.

You visited 5 branches of the dungeon, and saw 22 of its levels.
You visited the Abyss 1 time.
You also visited: Bailey and Ice Cave.

You collected 2777 gold pieces.
You spent 2501 gold pieces at shops.

Inventory:

Hand Weapons
 a - a +2 war axe of venom
 i - a +2 broad axe of electrocution (weapon)
 I - a +0 war axe of holy wrath
Missiles
 t - 95 javelins of penetration {=f}
 B - 603 poisoned tomahawks (quivered)
Armour
 b - the +2 hat of the Bear Spirit {Spirit, +Rage rN+ MR++}
   (You bought it in a shop in the Orcish Mines)

   It protects you from negative energy.
   It affects your resistance to hostile enchantments.
   It lets you go berserk.
 f - a +2 robe of resistance
 o - a +1 large shield (worn)
 q - a +0 pair of gloves (worn)
 C - a +2 pair of boots (worn)
 E - a +1 pair of boots of stealth
 O - a scarf of spirit shield (worn)
 U - the +1 plate armour of Tulips (worn) {rElec rF+ Regen+}
   (You bought it in a shop in the Orcish Mines)

   It protects you from fire.
   It insulates you from electricity.
   It increases your rate of regeneration.
Magical Staves
 u - an uncursed staff of poison
Jewellery
 c - the amulet "Vest" (around neck) {Rage rN+ Str+5}
   (You found it on level 6 of the Lair of Beasts)

   [amulet of rage]

   It affects your strength (+5).
   It protects you from negative energy.
 d - a +7 ring of strength (right hand)
 A - an uncursed ring of protection from fire
 J - an uncursed ring of see invisible
 T - a +3 ring of slaying (left hand)
Wands
 G - a wand of flame (20)
 K - a wand of acid (15)
 L - a wand of scattershot (5)
 M - a wand of iceblast (3)
 R - a wand of digging (8)
 S - a wand of disintegration (7)
Scrolls
 g - 2 scrolls of magic mapping
 h - 8 scrolls of identify
 p - 9 scrolls of teleportation
 s - 9 scrolls of remove curse
 w - a scroll of fog
 y - 2 scrolls of blinking
 N - 2 scrolls of enchant armour
 P - 3 scrolls of amnesia
Potions
 j - 4 potions of curing
 k - 4 potions of might
 l - a potion of magic
 n - 2 potions of cancellation
 r - 6 potions of mutation
 x - 5 potions of agility
 D - 4 potions of flight
 F - 3 potions of heal wounds
 H - a potion of brilliance
Miscellaneous
 m - a phial of floods
Comestibles
 e - 46 rations {!d}


   Skills:
 * Level 14.0 Fighting
 * Level 18.0(18.1) Axes
   Level 3.6(12.6) Maces & Flails
 + Level 2.8 Throwing
 * Level 10.8 Armour
 * Level 10.0 Dodging
 + Level 4.5 Stealth
 * Level 18.5 Shields
 + Level 0.4 Unarmed Combat
 * Level 2.1 Spellcasting
 * Level 7.3 Invocations
 + Level 0.4 Evocations


You had 19 spell levels left.
You didn't know any spells.
Your spell library contained the following spells:

 Spells                   Type           Power        Failure   Level  Hunger
 Beastly Appendage        Tmut           #.....       100%        1    None
 Corona                   Hex            #......      100%        1    None
 Magic Dart               Conj           #...         100%        1    None
 Blink                    Tloc           N/A          100%        2    ##.....
 Call Imp                 Summ           #.....       100%        2    ##.....
 Ensorcelled Hibernation  Hex/Ice        #.....       100%        2    ##.....
 Passwall                 Tmut/Erth      #.......     100%        2    ##.....
 Sticks to Snakes         Tmut           #.......     100%        2    ##.....
 Confuse                  Hex            #.......     100%        3    ####...
 Conjure Flame            Conj/Fire      #.......     100%        3    ####...
 Dazzling Orbs            Conj/Hex       #......      100%        3    ####...
 Mephitic Cloud           Conj/Pois/Air  #.......     100%        3    ####...
 Spider Form              Tmut/Pois      #..          100%        3    ####...
 Tukima's Dance           Hex            #.......     100%        3    ####...
 Ice Form                 Ice/Tmut       #.......     100%        4    ######.
 Blade Hands              Tmut           #.........   100%        5    #######
 Iskenderun's Battlesphe  Conj/Chrm      #.......     100%        5    #######
 Piercing Shot            Chrm           #.........   100%        5    #######
 Silence                  Hex/Air        #.........   100%        5    #######
 Deflect Missiles         Chrm/Air       #.........   100%        6    #######
 Infestation              Hex/Tmut/Pois  #........    100%        6    #######
 Discord                  Hex            #.........   100%        8    #######


Dungeon Overview and Level Annotations

Branches:
Dungeon (12/12)            Temple (1/1) D:4            Lair (6/6) D:9
  Swamp (0/3) Lair:2        Snake (2/3) Lair:3        Slime (0/5) Lair:5
    Orc (1/1) D:9             Elf (0/3) Orc          Vaults (0/3) D:12
 Depths: D:12

Altars:
Ashenzari
Cheibriados
Dithmenos
Elyvilon
Fedhas
Gozag
Hepliaklqana
Kikubaaqudgha
Lugonu
Makhleb
Nemelex Xobeh
Okawaru
Qazlal
Ru
Sif Muna
Trog
Uskayaw
Vehumet
Wu Jian
Xom
Yredelemnul
Zin
The Shining One
Jiyva

Shops:
D:4 [   D:6 [   D:8 =   D:9 [   D:10 :   D:12 =(}=   Orc :*[(!   Snake:1 [

Annotations:
D:5 2 runed translucent doors, Quickbrownfox's ghost, amateur DsAc
Lair:4 exclusion: 2 oklob plants
Lair:5 1 runed door


Innate Abilities, Weirdness & Mutations

You reflexively headbutt those who attack you in melee.
You have a pair of large horns on your head.
Your muscles are strong. (Str +2)


Message History

Magic restored.
HP restored.
You are engulfed in freezing vapours.
You are engulfed in freezing vapours.
You enter the shallow water.
Moving in this stuff is going to be slow.
You are engulfed in freezing vapours.
You are feeling very hungry.
You are engulfed in freezing vapours.
You enter the shallow water.
Moving in this stuff is going to be slow.
You are engulfed in freezing vapours.
You are engulfed in freezing vapours.
* * * LOW HITPOINT WARNING * * *
Really walk into that cloud of freezing vapour?
Okay, then.
You enter the shallow water.
Moving in this stuff is going to be slow.
You are engulfed in freezing vapours.
You die...

#...## ##...#
#...## ##..#
##.## ## ###
#####..####§#☼§
#.#.##.§##§☼§.
##.#.##§§##§§##
#.#..#.§§.##§@#
##.##.#§§###§☼##
#####§.####§°°#
##..####§○°##
#...##§☼§###
#..##.☼§##
#....§§##
##..§### #####


There were no monsters in sight!

Vanquished Creatures
  A bone dragon (Abyss:1)
  A tentacled starspawn (Abyss:1)
  Agnes (Snake:1)
  A nagaraja (Snake:1)
  2 orc warlords
  A dire elephant (Lair:6)
  Snorg (Lair:3)
  An ice dragon (Snake:2)
  A quicksilver dragon skeleton (Abyss:1)
  8 vault guards (D:12)
  3 naga warriors (Snake:1)
  A catoblepas (Lair:2)
  A death knight (D:10)
  An anaconda (Snake:1)
  5 hydras
  5 centaur warriors
  The ghost of magaron the Fighter, a journeyman GrGl of Gozag (D:11)
  Erica (D:10)
  A merfolk avatar (Lair:6)
  An alligator (Lair:4)
  3 naga sharpshooters (Snake:2)
  3 two-headed ogres
  4 orc high priests (Orc)
  A sea snake (Lair:6)
  5 death yaks (Lair:6)
  3 shock serpents (Snake:1)
  A goliath frog (Lair:5)
  A salamander mystic (Snake:1)
  An unseen horror (D:11)
  A lindwurm (Lair:6)
  4 orc knights
  A wizard (D:12)
  A wolf spider zombie (D:12)
  3 cyclopes
  A mana viper (Snake:1)
  A manticore (Lair:3)
  8 salamanders (Snake:1)
  4 orc sorcerers
  4 ugly things
  13 elephants
  Maurice (Orc)
  An apocalypse crab (Abyss:1)
  15 black mambas
  A shock serpent zombie (Abyss:1)
  Joseph (Lair:1)
  2 orange demons (Abyss:1)
  15 cane toads
  2 centaur zombies
  2 guardian serpents (Snake:1)
  A smoke demon (Abyss:1)
  A gargoyle (D:12)
  3 naga magi (Snake:1)
  A torpor snail (Lair:6)
  4 rime drakes
  A kobold demonologist (Abyss:1)
  8 komodo dragons
  An anaconda simulacrum (IceCv)
  3 ancient zymes (Abyss:1)
  A tengu conjurer (D:11)
  2 hornets
  8 trolls
  3 wind drakes (Lair:6)
  A queen bee (shapeshifter) (D:11)
  A queen bee (D:11)
  5 polar bears
  2 bog bodies (Lair:2)
  8 blink frogs
  A large abomination (Abyss:1)
  7 hippogriffs
  6 dream sheep (Lair:5)
  A raiju (Abyss:1)
  Sigmund (D:3)
  2 vampires
  2 wraiths (D:9)
  33 yaks
  A ynoxinul (Abyss:1)
  5 wyverns (Lair:6)
  A human (D:7)
  3 hogs (D:7)
  A hungry ghost (D:8)
  7 vampire mosquitoes
  11 nagas
  A soldier ant (D:12)
  A harpy simulacrum (IceCv)
  14 crocodiles
  6 water moccasins
  7 porcupines
  2 ice beasts
  A small abomination (Abyss:1)
  38 orc warriors
  A black bear (shapeshifter) (D:10)
  A necrophage (D:8)
  A phantom (D:7)
  A hornet zombie (D:10)
  9 ogres
  5 sky beasts
  7 centaurs
  4 wolves (Lair:4)
  14 bullfrogs
  2 big kobolds
  2 scorpions
  17 killer bees
  An elephant simulacrum (IceCv)
  4 wights (D:8)
  An electric eel (D:9)
  3 howler monkeys (D:8)
  5 crimson imps
  A quasit (D:9)
  A draconian simulacrum (IceCv)
  3 bullfrog zombies
  5 hounds
  15 orc priests
  3 jellies
  20 orc wizards
  3 centaur skeletons
  A bullfrog skeleton (D:9)
  Jessica (D:3)
  2 iguanas
  Terence (D:2)
  6 worker ants
  7 hell rats (Lair:5)
  A polar bear simulacrum (IceCv)
  2 troll simulacra (IceCv)
  A hound zombie (D:8)
  A worker ant zombie (D:6)
  A hound skeleton (D:2)
  8 gnolls (Bailey)
  A naga simulacrum (IceCv)
  8 adders
  2 shadow imps (D:9)
  A white imp (IceCv)
  An ufetubus (IceCv)
  2 oozes
  2 adder skeletons
  2 adder zombies (D:6)
  10 worms
  2 dart slugs (D:1)
  3 leopard geckos
  82 orcs
  3 bats
  2 giant cockroaches
  25 goblins
  13 hobgoblins
  4 jackals (D:8)
  4 quokkas
  A ball python (D:2)
  7 frilled lizards
  A jackal skeleton (D:6)
  2 jackal zombies
  16 kobolds
  A quokka zombie (D:6)
  8 rats
  A bush (Lair:6)
  6 fungi
  A plant (Lair:6)
719 creatures vanquished.

Vanquished Creatures (others)
  A white imp (IceCv)
  An orc (D:9)
  23 fungi
  16 plants
  2 starspawn tentacles (Abyss:1)
43 creatures vanquished.

Grand Total: 762 creatures vanquished

Notes
Turn   | Place    | Note
-------+----------+-------------------------------------------
     0 | D:1      | Morbidden the Minotaur Archaeologist began the quest for
                  | the Orb.
     0 | D:1      | Reached XP level 1. HP: 16/16 MP: 0/0
   279 | D:1      | Reached XP level 2. HP: 23/23 MP: 1/1
  1014 | D:2      | Found a radiant altar of Vehumet.
  1078 | D:2      | Noticed Terence
  1086 | D:2      | Killed Terence
  1087 | D:2      | Reached XP level 3. HP: 24/29 MP: 2/2
  1185 | D:2      | Found a hide-covered altar of Uskayaw.
  1228 | D:2      | Found a shattered altar of Ashenzari.
  1319 | D:2      | Reached XP level 4. HP: 36/36 MP: 3/3
  1935 | D:3      | Noticed Sigmund
  1983 | D:3      | Gained mutation: You have a pair of large horns on your
                  | head. [potion of mutation]
  1983 | D:3      | Gained mutation: Your muscles are strong. (Str +2) [potion
                  | of mutation]
  1987 | D:3      | Killed Sigmund
  1988 | D:3      | Reached XP level 5. HP: 7/44 MP: 4/4
  1988 | D:3      | Reached XP level 6. HP: 8/50 MP: 5/5
  1988 | D:3      | Identified a scroll of acquirement
  2367 | D:3      | Noticed Jessica
  2374 | D:3      | Killed Jessica
  2375 | D:3      | Reached skill level 5 in Dodging
  2571 | D:3      | Noticed a moth of wrath
  2574 | D:3      | Found a bloodstained altar of Trog.
  2582 | D:3      | Reached skill level 1 in Axes
  2680 | D:4      | Got a coiled tin amulet
  2697 | D:4      | Identified the cursed amulet of Happiness {Inacc Str+3
                  | Int-2 Dex+3} (You found it on level 4 of the Dungeon)
  2706 | D:4      | Got a twisted robe
  2872 | D:4      | Reached XP level 7. HP: 57/58 MP: 6/6
  2930 | D:4      | Found Vitreatu's Antique Armour Shoppe.
  2962 | D:4      | Found a staircase to the Ecumenical Temple.
  2971 | Temple   | Entered the Ecumenical Temple
  3196 | D:4      | Found a corrupted altar of Lugonu.
  3196 | D:4      | Found a snail-covered altar of Cheibriados.
  3294 | D:4      | Identified the +2 robe "Pukonn" {rC+} (You found it on
                  | level 4 of the Dungeon)
  3312 | D:4      | Became a worshipper of Cheibriados the Contemplative
  3381 | D:4      | Found a white marble altar of Elyvilon.
  3651 | D:5      | Entered Level 5 of the Dungeon
  3749 | D:5      | Found a shadowy altar of Dithmenos.
  4005 | D:5      | Found a runed translucent door.
  4005 | D:5      | Noticed Quickbrownfox's ghost (amateur DsAc)
  4032 | D:5      | Found a runed translucent door.
  4157 | D:5      | Reached skill level 1 in Armour
  4157 | D:5      | Reached skill level 1 in Shields
  4311 | D:6      | Found a sparkling altar of Nemelex Xobeh.
  4325 | D:6      | Reached skill level 1 in Invocations
  4552 | D:6      | Reached XP level 8. HP: 56/67 MP: 7/7
  4678 | D:6      | Reached * piety under Cheibriados
  4758 | D:6      | Noticed a hippogriff
  4767 | D:6      | Killed a hippogriff
  4768 | D:6      | Reached skill level 5 in Axes
  4923 | D:6      | Found a blossoming altar of Fedhas.
  5021 | D:6      | Found Vunuxzioff's Antique Armour Shop.
  5036 | D:6      | Bought a pair of embroidered boots for 172 gold pieces
  5141 | D:7      | Reached skill level 5 in Fighting
  5190 | D:7      | Noticed a hippogriff
  5195 | D:7      | Killed a hippogriff
  5213 | D:7      | Found a flagged portal.
  5224 | Bailey   | Entered a bailey
  5251 | Bailey   | Reached ** piety under Cheibriados
  5282 | Bailey   | Reached XP level 9. HP: 19/74 MP: 9/9
  5283 | Bailey   | Reached XP level 10. HP: 21/81 MP: 10/10
  5444 | Bailey   | Reached XP level 11. HP: 77/88 MP: 11/11
  5521 | Bailey   | Reached *** piety under Cheibriados
  5566 | Bailey   | Noticed an orc knight
  5567 | Bailey   | Noticed an orc warlord
  5579 | Bailey   | Killed an orc knight
  5642 | Bailey   | Killed an orc warlord
  5643 | Bailey   | Reached skill level 1 in Throwing
  5676 | Bailey   | Reached **** piety under Cheibriados
  5887 | Bailey   | Reached skill level 15 in Axes
  5887 | Bailey   | Reached XP level 12. HP: 96/96 MP: 13/13
  5888 | Bailey   | Reached XP level 13. HP: 116/116 MP: 14/14
  6681 | D:8      | Found Nekleunk's Jewellery Shoppe.
  6806 | D:8      | Reached ***** piety under Cheibriados
  7481 | D:9      | Reached skill level 5 in Armour
  7660 | D:9      | Found Omeox's Armour Shoppe.
  7663 | D:9      | Found a staircase to the Orcish Mines.
  8000 | D:9      | Reached ****** piety under Cheibriados
  8118 | D:9      | Found a staircase to the Lair.
  8317 | D:10     | Entered Level 10 of the Dungeon
  8400 | D:10     | Found Uwui's Book Shoppe.
  8587 | D:10     | Noticed Erica
  8589 | D:10     | Killed Erica
  8590 | D:10     | Reached XP level 14. HP: 125/125 MP: 16/16
  9015 | D:11     | Reached skill level 15 in Shields
  9331 | D:11     | Found a transporter.
  9335 | D:11     | Found a transporter.
  9338 | D:11     | Noticed magaron's ghost (journeyman GrGl)
  9667 | D:11     | Killed magaron's ghost
  9724 | D:12     | Entered Level 12 of the Dungeon
  9755 | D:12     | Found Oduow's Gadget Boutique.
  9759 | D:12     | Found Fogail's Antique Weapon Shoppe.
  9806 | D:12     | Found Fata's Jewellery Boutique.
  9922 | D:12     | Found a gate to the Vaults.
  9977 | D:12     | Reached skill level 5 in Invocations
 10179 | D:12     | Cast into level 1 of the Abyss (a wizard)
 10304 | Abyss:1  | Noticed a tentacled starspawn
 10341 | Abyss:1  | Noticed a tentacled starspawn
 10355 | Abyss:1  | Killed a tentacled starspawn
 10404 | Abyss:1  | Noticed a bone dragon
 10420 | Abyss:1  | Killed a bone dragon
 10423 | D:12     | Escaped the Abyss
 10432 | D:12     | Found Hucki's Jewellery Boutique.
 11012 | Lair:1   | Entered Level 1 of the Lair of Beasts
 11155 | Lair:1   | Reached XP level 15. HP: 130/134 MP: 18/18
 11221 | Lair:1   | Noticed Joseph
 11227 | Lair:1   | Killed Joseph
 12253 | Lair:2   | Found a staircase to the Swamp.
 13077 | Lair:3   | Found a staircase to the Snake Pit.
 13317 | Lair:3   | Noticed Snorg
 13325 | Lair:3   | Killed Snorg
 14383 | Lair:5   | Found a runed door.
 14383 | Lair:5   | Found a viscous altar of Jiyva.
 15356 | Lair:5   | Found a staircase to the Slime Pits.
 15367 | Lair:6   | Entered Level 6 of the Lair of Beasts
 15862 | Lair:6   | Got a steaming iron amulet
 15863 | Lair:6   | Identified the amulet "Vest" {Rage rN+ Str+5} (You found it
                  | on level 6 of the Lair of Beasts)
 16244 | Lair:6   | Reached XP level 16. HP: 142/144 MP: 19/19
 16812 | Orc      | Entered the Orcish Mines
 16832 | Orc      | Reached skill level 10 in Armour
 16895 | Orc      | Found a staircase to the Elven Halls.
 16961 | Orc      | Found Woirgh's Distillery.
 16986 | Orc      | Bought a potion of heal wounds for 75 gold pieces
 17171 | Orc      | Noticed Maurice
 17187 | Orc      | Killed Maurice
 17188 | Orc      | Reached skill level 1 in Spellcasting
 17480 | Orc      | Found Yhilousi's General Store.
 17481 | Orc      | Found Feovuiba's Book Boutique.
 17482 | Orc      | Found Pexaronk's Antique Armour Shop.
 17482 | Orc      | Found Ukle's Antique Weapon Shop.
 17496 | Orc      | Bought a scroll of enchant weapon for 82 gold pieces
 17497 | Orc      | Bought a +3 ring of slaying for 227 gold pieces
 17696 | Orc      | Bought the +2 hat of the Bear Spirit {Spirit, +Rage rN+
                  | MR++} for 1133 gold pieces
 17696 | Orc      | Found the +2 hat of the Bear Spirit {Spirit, +Rage rN+
                  | MR++}
 17696 | Orc      | Bought a masterwork plate armour for 812 gold pieces
 17707 | Orc      | Identified the +1 plate armour of Tulips {rElec rF+ Regen+}
                  | (You bought it in a shop in the Orcish Mines)
 17859 | Snake:1  | Entered Level 1 of the Snake Pit
 17942 | Snake:1  | Found Vaecryan's Antique Armour Boutique.
 17965 | Snake:1  | Noticed Agnes
 17975 | Snake:1  | Killed Agnes
 18229 | Snake:1  | Got a bound golden ring
 18316 | Snake:1  | Identified the ring of Intercession {Fire Int+3} (You found
                  | it on level 1 of the Snake Pit)
 18817 | Snake:2  | Reached skill level 10 in Dodging
 18827 | Snake:2  | Found a frozen archway.
 18835 | IceCv    | Entered an ice cave
 18983 | IceCv    | Engulfed by a cloud of freezing vapour

Skill      XL: |  1  2  3  4  5  6  7  8  9 10 11 12 13 14 15 16 |
---------------+-------------------------------------------------+-----
Stealth        | 3 4 |  4.5
Dodging        | 4 5 6 7 8 9 10 | 10.0
Fighting       | 2 3 4 5 6 11 12 13 14 | 14.0
Maces & Flails | 3 |  3.6
Axes           | 2 4 6 12 15 16 17 18 | 18.0
Armour         | 2 3 4 5 7 9 10 | 10.8
Shields        | 2 13 14 16 17 18 | 18.5
Invocations    | 1 2 3 4 5 6 7 |  7.3
Throwing       | 1 2 |  2.8
Spellcasting   | 2 |  2.1
Unarmed Combat | |  0.4
Evocations     | |  0.4

Action                   |  1- 3 |  4- 6 |  7- 9 | 10-12 | 13-15 | 16-18 || total
-------------------------+-------+-------+-------+-------+-------+-------++-------
Melee: Whip              |    74 |    48 |       |       |       |       ||   122
       Headbutt          |    18 |    13 |    36 |    28 |   338 |    66 ||   499
       War axe           |       |    40 |   198 |   108 |   770 |       ||  1116
       Broad axe         |       |       |       |       |   129 |   219 ||   348
       Unarmed           |       |       |       |       |    11 |       ||    11
Throw: Javelin           |       |     2 |       |       |       |       ||     2
       Tomahawk          |       |       |     4 |    21 |    25 |    31 ||    81
Invok: Slouch            |       |       |       |       |     1 |     3 ||     4
Evoke: Wand              |       |       |       |       |     9 |       ||     9
       Phial of floods   |       |       |       |       |     1 |       ||     1
  Use: Scroll            |     1 |     2 |    10 |     2 |    14 |     5 ||    34
       Potion            |       |     7 |     4 |     4 |       |     1 ||    16
 Stab: Sleeping          |     4 |     4 |       |       |       |       ||     8
  Eat: Chunk             |     3 |     7 |    16 |     2 |    37 |    10 ||    75
       Ration            |       |       |       |     1 |     1 |       ||     2
Armor: Robe              |    14 |    21 |     1 |       |       |       ||    36
       Chain mail        |       |       |    43 |       |   238 |    12 ||   293
       Plate armour      |       |       |    84 |    10 |       |    27 ||   121
Dodge: Dodged            |    41 |    56 |    20 |    12 |   204 |    61 ||   394
Block: Large shield      |       |       |   163 |    74 |  1160 |   312 ||  1709
